 Dungeon Crawl Stone Soup version 0.27-a0-406-g23f261fbd2 (webtiles) character file.

Game seed: 2613447189849139855

2 mg7810 the Sneak (level 1, -1/18 HPs)
             Began as a Human Delver on Feb 22, 2021.
             Slain by an orc
             ... wielding a +0 flail
              (5 damage)
             ... on level 4 of the Dungeon.
             The game lasted 00:01:19 (113 turns).

mg7810 the Sneak (Human Delver)                      Turns: 113, Time: 00:01:21

Health: -1/18      AC:  3    Str: 12    XL:     1   Next: 44%
Magic:  1/1        EV: 12    Int: 10    God:
Gold:   9          SH:  0    Dex: 14    Spells: 0/0 levels left

rFire    . . .     SeeInvis .   a - +0 hand axe
rCold    . . .     Faith    .   (no shield)
rNeg     . . .     Spirit   .   b - +0 leather armour
rPois    .         Reflect  .   (no helmet)
rElec    .         Harm     .   (no cloak)
rCorr    .         Rampage  .   (no gloves)
Will     .....                  (no boots)
Stlth    +++.......             (no amulet)
HPRegen  0.06/turn              (no ring)
MPRegen  0.07/turn              (no ring)

@: hasted, very quick
A: no striking features
a: no special abilities


You were on level 4 of the Dungeon.
You visited 1 branch of the dungeon, and saw 2 of its levels.

You collected 9 gold pieces.

Inventory:

Hand Weapons
 a - a +0 hand axe (weapon)
Armour
 b - a +0 leather armour (worn)
Wands
 g - a wand of digging (3)
Scrolls
 c - a scroll of fog
 d - a scroll of magic mapping
 e - a scroll of fear


   Skills:
 + Level 3.0 Fighting
 + Level 2.0 Axes
 + Level 2.0 Dodging
 + Level 5.1 Stealth


You couldn't memorise any spells.
You didn't know any spells.
Your spell library was empty.

Dungeon Overview and Level Annotations

Branches:
Dungeon (5/15)
 Temple: D:4-7

Altars:


Message History

The leopard gecko zombie closely misses you.
You slash the leopard gecko zombie!
You destroy the leopard gecko zombie!
Found an escape hatch in the ceiling.
A centaur comes into view.
The centaur moves out of view.
A centaur opens the door.
There is an escape hatch in the ceiling here.
A mysterious force pulls you upwards. The hatch slams shut behind you.
A bullfrog skeleton comes into view.
Found a stone staircase leading down.
Found a leather armour.
An orc comes into view. It is wielding a +0 flail.
The orc shouts!
You hear a shout!
You open the door.
An iguana comes into view.
The bullfrog skeleton hits you.
Found 12 gold pieces.
There is an open door here.
Okay, then.
You feel yourself speed up. The bullfrog skeleton hits you.
An orc comes into view. It is wielding a +0 whip.
You see here 12 gold pieces.
The iguana hisses angrily.
You hit the iguana.
The iguana is moderately wounded.
The iguana misses you.
You hit the iguana.
The iguana is heavily wounded.
You hit the iguana but do no damage.
The iguana is heavily wounded.
The iguana closely misses you.
You barely miss the iguana.
The iguana is heavily wounded.
You barely miss the orc.
An orc comes into view.
The iguana bites you!
* * * LOW HITPOINT WARNING * * *
The orc hits you with a +0 flail.
You die...

...#...........#
...#.#########o#
...#.#
####'#######
##.#.#
#..........#
#.#.#
#..........#
#.#.#
#.....o....#
#.#.#
#.....$....#
#....Zo....#
#####.@#####
##l# #.# #.. ##.
.# .# ..


You could see an iguana, 3 orcs and a bullfrog skeleton.

Vanquished Creatures
  A leopard gecko (D:5)
  A leopard gecko zombie (D:5)
2 creatures vanquished.

Notes
Turn   | Place    | Note
-------+----------+-------------------------------------------
     0 | D:5      | mg7810 the Human Delver began the quest for the Orb.
     0 | D:5      | Reached XP level 1. HP: 18/18 MP: 1/1
    77 | D:5      | Noticed a centaur
   101 | D:4      | Noticed an iguana
   113 | D:4      | Slain by an orc

Illustrated notes

Levels and vault maps discovered:
D:4:      layout_basic, minmay_misc_feat_tower, tgw_sif, uniq_eustachio
D:5:      layout_gridville, serial_park_tiny_1

Action                   || total
-------------------------++-------
Melee: Hand axe          ||    13
  Use: Potion            ||     1
Armor: Leather armour    ||     1
Dodge: Dodged            ||    10

Table legend: (Time is in decaauts)
 A = Elapsed time spent in this place.
 B = Non-inter-level travel time spent in this place.
 C = Inter-level travel time spent in this place.
 D = Time resting spent in this place.
 E = Time spent auto-exploring this place.
 F = Levels seen in this place.
 G = Mean time per level.
                   A        B        C        D        E       F      G
               +--------+--------+--------+--------+--------+-----+--------+
         Total |    112 |    112 |      0 |      0 |      0 |   2 |   56.0 |
       Dungeon |    112 |    112 |      0 |      0 |      0 |   2 |   56.0 |
               +--------+--------+--------+--------+--------+-----+--------+

Top non-repeatable levels by time:
     D:5: 85 daAuts
     D:4: 26 daAuts
